 Dungeon Crawl Stone Soup version 0.27.0-1-g7a089689b8 (webtiles) character file.

Game seed: 16837738949049148369

62 dolemite99 the Poker (level 4, -5/33 HPs)
             Began as a Merfolk Gladiator on Aug 3, 2021.
             Was a Believer of Sif Muna.
             Killed by divine providence
             ... invoked by an orc priest
              (15 damage)
             ... on level 3 of the Dungeon.
             The game lasted 00:02:33 (2874 turns).

dolemite99 the Poker (Merfolk Gladiator)            Turns: 2874, Time: 00:02:33

Health: -5/33      AC:  6    Str: 15    XL:     4   Next: 8%
Magic:  4/4        EV: 11    Int:  7    God:    Sif Muna [**....]
Gold:   134        SH:  3    Dex: 15    Spells: 3/3 levels left

rFire    . . .     SeeInvis .   a - +0 trident
rCold    . . .     Faith    .   j - +0 buckler
rNeg     . . .     Spirit   .   p - +0 ring mail
rPois    .         Reflect  .   c - +0 helmet
rElec    .         Harm     .   (no cloak)
rCorr    .         Rampage  .   (no gloves)
Will     .....                  (no boots)
Stlth    +.........             (no amulet)
HPRegen  0.11/turn              (no ring)
MPRegen  0.09/turn              (no ring)

@: no status effects
A: (nimble swimmer 2), mertail
a: Renounce Religion, Channel Magic


You were on level 3 of the Dungeon.
You worshipped Sif Muna.
Sif Muna was pleased with you.
You visited 1 branch of the dungeon, and saw 3 of its levels.

You collected 134 gold pieces.

Inventory:

Hand Weapons
 a - a +0 trident (weapon)
 l - a +0 hunting sling
 m - a +2 dagger of electrocution
Missiles
 d - 3 throwing nets (quivered)
 e - 23 sling bullets
 u - 21 stones
Armour
 b - a +0 leather armour
 c - a +0 helmet (worn)
 j - a +0 buckler (worn)
 p - a +0 ring mail (worn)
Magical Staves
 t - a staff of earth
Jewellery
 g - a ring of wizardry
Scrolls
 h - a scroll of enchant weapon {unknown}
 i - a scroll of blinking {unknown}
 q - a scroll of enchant armour {unknown}
 v - a scroll of identify {unknown}
 w - a scroll of teleportation {unknown}
 x - a scroll of fog {unknown}
Potions
 f - a potion of flight {unknown}
 k - a potion of cancellation {unknown}
 n - 2 potions of degeneration {unknown}
 o - a potion of magic {unknown}
 r - a potion of haste {unknown}


   Skills:
 - Level 2.1 Fighting
 + Level 7.0 Polearms
 - Level 2.0 Throwing
 - Level 4.0 Dodging


You had 3 spell levels left.
You didn't know any spells.
Your spell library contained the following spells:

 Spells                   Type           Power      Damage    Failure   Level
 Inner Flame              Hex/Fire       0%         N/A       99%         3
 Cause Fear               Hex            0%         N/A       100%        4
 Discord                  Hex            0%         N/A       100%        8


Dungeon Overview and Level Annotations

Branches:
Dungeon (3/15)

Altars:
Gozag
Nemelex Xobeh
Ru
Sif Muna
Uskayaw
Beogh

Shops:
D:3 =*


Innate Abilities, Weirdness & Mutations

((You are quick and stealthy near water. (Stealth+, EV+, Speed+++)))
Your lower body shifts to a powerful aquatic tail in water.


Message History

The orc wizard shouts!
The orc hits you with a +0 whip.
You hit the orc. Lightning courses through the orc!!
You kill the orc!
Sif Muna accepts your kill.
The orc wizard gestures at you while chanting.
You are confused.
The orc priest mumbles some strange prayers to Beogh against you.
Beogh smites you!
Found 11 gold pieces.
There is an open door here.
Things that are here:
a +0 whip; 3 boomerangs
Okay, then.
You feel better. You block the orc wizard's attack.
Your +2 dagger of electrocution stops crackling.
a - a +0 trident (weapon)
The orc wizard casts a spell at you. The puff of flame hits you.
You hit the orc priest but do no damage.
The orc priest hits you with a +0 club.
The orc wizard hits you but does no damage.
You hit the orc priest.
The orc priest is heavily wounded.
You block the orc priest's attack.
The orc wizard hits you but does no damage.
You completely miss the orc priest.
The orc priest is heavily wounded.
The orc priest hits you with a +0 club. The orc wizard casts a spell at you.
The puff of flame hits you!
You puncture the orc priest!
The orc priest is almost dead.
You block the orc priest's attack.
The orc wizard hits you with a +0 dagger.
You hit the orc priest but do no damage.
The orc priest is almost dead.
The orc priest mumbles some strange prayers to Beogh against you.
Beogh smites you!
You die...

#######.##....##.#.......
.................'....>..
#######.##......>#....†..
#.......#####......
#.#####.# ##..... #.#
##### ##...# #.##$..##
##'## #.#.8.8$# #.##
#)@o..._# #.#. ###o8.8.#
##... #..$## ##...)
####### #..... #...#
#..... ###.# #.#.#.
#.####.###. #..........
######.####


You could see an orc priest and an orc wizard.

Vanquished Creatures
  A gnoll (D:3)
  2 orcs (D:3)
  5 ball pythons
  2 bats
  5 endoplasms
  4 giant cockroaches
  5 goblins
  4 hobgoblins
  4 jackals (D:2)
  A quokka (D:2)
  4 frilled lizards
  6 kobolds
  A rat (D:2)
44 creatures vanquished.

Vanquished Creatures (others)
  12 plants (D:2)
12 creatures vanquished.

Grand Total: 56 creatures vanquished

Notes
Turn   | Place    | Note
-------+----------+-------------------------------------------
     0 | D:1      | dolemite99 the Merfolk Gladiator began the quest for the
                  | Orb.
     0 | D:1      | Reached XP level 1. HP: 16/16 MP: 1/1
   280 | D:1      | Reached skill level 5 in Polearms
   333 | D:1      | Reached XP level 2. HP: 22/22 MP: 2/2
   434 | D:1      | Found a faded altar of an unknown god.
   491 | D:1      | Became a worshipper of Sif Muna the Loreminder
   491 | D:1      | Reached * piety under Sif Muna
  1605 | D:2      | Reached skill level 6 in Polearms
  1605 | D:2      | Reached XP level 3. HP: 25/27 MP: 3/3
  1870 | D:2      | Reached ** piety under Sif Muna
  2547 | D:3      | Found Votengua's Jewellery Emporium.
  2680 | D:3      | Reached XP level 4. HP: 33/33 MP: 4/4
  2686 | D:3      | Found an opulent altar of Gozag.
  2717 | D:3      | Found a faded altar of an unknown god.
  2717 | D:3      | Found a sacrificial altar of Ru.
  2724 | D:3      | Found a hide-covered altar of Uskayaw.
  2726 | D:3      | Found a faded altar of an unknown god.
  2728 | D:3      | Found a sparkling altar of Nemelex Xobeh.
  2755 | D:3      | Found Gozag's Platinum Reserve.
  2775 | D:3      | Reached skill level 7 in Polearms
  2874 | D:3      | Killed from afar by an orc priest

Illustrated notes

Levels and vault maps discovered:
D:1:      sevenhm_arrival_forest_fort_small_4, layout_loops_cross,
          hellmonk_ecumenical_altar_run_dry, amcnicky_mini_rare_corridor_liquid,
          chequers_serial_rivers_room_a, minmay_pentomino_o2
D:2:      layout_basic, serial_aquarium, aquarium_bridge_square
          [aquarium_subvault_wall, aquarium_subvault_wall,
          aquarium_subvault_bridge, aquarium_subvault_bridge],
          aquarium_window_fake, aquarium_window_1, aquarium_view_2d,
          serial_bayou_lake_a
D:3:      layout_loops_corners, amcnicky_altar_gilded,
          chequers_temple_overflow_minitemple, nicolae_gozag_zags_fifth_avenue,
          serial_shops, nicolae_shop_crystal, eino_tiny_chamber,
          kennysheep_orc_chapel, uniq_terence

Skill      XL: |  1  2  3  4 |
---------------+-------------+-----
Polearms       | 5 6 7 |  7.0
Fighting       | |  2.1
Throwing       | |  2.0
Dodging        | |  4.0

Action                   |  1- 3 |  4- 6 || total
-------------------------+-------+-------++-------
Melee: Trident           |    50 |     5 ||    55
       Dagger            |    67 |     4 ||    71
  Use: Potion            |       |     1 ||     1
 Stab: Sleeping          |     5 |       ||     5
Armor: Leather armour    |    13 |       ||    13
       Ring mail         |    13 |     2 ||    15
Dodge: Dodged            |    62 |     2 ||    64
Block: Buckler           |    15 |     3 ||    18
